 Dungeon Crawl Stone Soup version 0.19-a0-1254-gb9c29c0 (webtiles) character file.

4 Gorice the Sneak (level 1, 0/10 HPs)
             Began as a Kobold Enchanter on Aug 27, 2016.
             Slain by a kobold
             ... wielding a +0 short sword
              (2 damage)
             ... on level 1 of the Dungeon.
             The game lasted 00:00:39 (164 turns).

Gorice the Sneak (Kobold Enchanter)                  Turns: 164, Time: 00:00:39

Health: 0/10       AC:  3    Str:  6    XL:     1   Next: 77%
Magic:  2/3        EV: 15    Int: 13    God:
Gold:   0          SH:  0    Dex: 16    Spells: 1 memorised, 3 levels left

rFire  . . .     SeeInvis .     a - +1 dagger
rCold  . . .     Gourm    .     b - +1 robe
rNeg   . . .     Faith    .     (shield restricted)
rPois  .         Spirit   .     (no helmet)
rElec  .         Dismiss  .     (no cloak)
rCorr  .         Reflect  .     (no gloves)
MR     .....     Harm     .     (no boots)
Stlth  +++.......               (no amulet)
                                (no ring)
                                (no ring)

@: no status effects
A: carnivore 3
a: no special abilities


You were on level 1 of the Dungeon.
You were not hungry.

You visited 1 branch of the dungeon, and saw 1 of its levels.

Inventory:

Hand Weapons
 a - a +1 dagger (weapon)
Missiles
 g - 17 sling bullets
 Z - 25 stones (quivered)
Armour
 b - a +1 robe (worn)
Scrolls
 e - a scroll of identify {unknown}
 f - a scroll of remove curse {unknown}
 h - a scroll of random uselessness {unknown}
Books
 c - a book of Maledictions
Comestibles
 d - a meat ration {!e}


   Skills:
 * Level 2.3 Short Blades
 - Level 2.4 Dodging
 - Level 4.0 Stealth
 - Level 2.0 Spellcasting
 - Level 3.0 Hexes


You had 3 spell levels left.
You knew the following spells:

 Your Spells              Type           Power        Failure   Level  Hunger
a - Corona                Hex            #......      10%         1    ##.....


Dungeon Overview and Level Annotations

Branches:
Dungeon (1/15)

Altars:


Innate Abilities, Weirdness & Mutations

You are small and have problems with some larger weapons.
You are carnivorous and can eat meat at any time.


Message History

The kobold shouts!
You see here a club.
You see here a scroll labeled HOBOLUGRYT.
You hit the kobold but do no damage. The kobold closely misses you.
You barely miss the kobold. The kobold closely misses you.
You hit the kobold.
The kobold is severely wounded.
The kobold barely misses you.
You hit the kobold but do no damage.
The kobold is severely wounded.
The kobold hits you.
Damage: 3 (max 3)
You hit the kobold but do no damage.
The kobold is severely wounded.
The kobold barely misses you.
You barely miss the kobold.
The kobold is severely wounded.
The kobold closely misses you.
You barely miss the kobold.
The kobold is severely wounded.
You hit the kobold.
You kill the kobold!
h - a scroll labeled HOBOLUGRYT You see here 25 stones.
Z - 25 stones (quivered)
Eating a chunk of flesh.
You start eating the chunk of flesh.
You continue eating. x2
You finish eating.
This raw flesh tastes great.
Found 17 sling bullets.
You see here 17 sling bullets.
g - 17 sling bullets
Found a stone staircase leading down.
A kobold comes into view. It is wielding a short sword.
The kobold shouts!
You miss the kobold. The kobold hits you with a short sword.
* * * LOW HITPOINT WARNING * * *
Damage: 4 (max 4)
You hit the kobold but do no damage. The kobold hits you with a short sword.
* * * LOW HITPOINT WARNING * * *
Damage: 2 (max 4) Unknown command.
Casting: Corona
Confirm with . or Enter, or press ? or * to list all spells.
Aiming: Corona
Press: ? - help, Shift-Dir - straight line, f - kobold
Aim: a kobold, wielding a short sword (chance to defeat MR: 81%)
The kobold is outlined in light.
The kobold hits you but does no damage.
You closely miss the kobold. The kobold closely misses you.
You hit the kobold but do no damage. The kobold hits you with a short sword.
You die...

............### ##
...$......... ..
#.......... .. ##
#.......... ... ..
#...#...### #.# .# #.
#.#.##...#...# #.#
#.# ). #...>.......##
#.# #.# ..
###.##.#.#.#######.#
#.# # #
#.#.....K@....###.#.#
#.###.######......#.#
.. #.#
##.#####.###### ##
#.# #.............
..# #######..##.##
### #..#.).. #.....#.
#.#..##. #.#.....


You could see a kobold.

Vanquished Creatures
  A bat (D:1)
  A goblin (D:1)
  A kobold (D:1)
  2 rats (D:1)
5 creatures vanquished.

Notes
Turn   | Place    | Note
-------+----------+-------------------------------------------
     0 | D:1      | Gorice the Kobold Enchanter began the quest for the Orb.
     0 | D:1      | Reached XP level 1. HP: 10/10 MP: 3/3
    97 | D:1      | Reached skill level 2 in Short Blades
   151 | D:1      | HP: 2/10 [kobold/short sword (2)]
   164 | D:1      | Slain by a kobold

Vault maps used:
D:1:      dpeg_arrival_court, serial_glass, glass_columns_a, glass_columns_a,
          minmay_tromino_v2

Skill      XL: |  1 |
---------------+----+-----
Short Blades   | 2 |  2.3
Dodging        | |  2.4
Stealth        | |  4.0
Spellcasting   | |  2.0
Hexes          | |  3.0

Action                   || total
-------------------------++-------
Melee: Dagger            ||    24
 Cast: Corona            ||     1
  Eat: Chunk             ||     1
Armor: Robe              ||     2
Dodge: Dodged            ||    16

Table legend:
 A = Turns spent in this place as a percentage of turns spent in the entire game.
 B = Non-inter-level travel turns spent in this place as a percentage of non-inter-level travel turns spent in the entire game.
 C = Inter-level travel turns spent in this place as a percentage of turns spent in this place.
 D = Turns resting spent in this place as a percentage of non-inter-level travel turns spent in this place.
 E = Turns spent auto-exploring this place as a percentage of non-inter-level travel turns spent in this place.
 F = Non-inter-level travel turns spent in this place divided by the number of levels of this place that you've seen.
                   A       B       C       D       E      F
               +-------+-------+-------+-------+-------+----------------------
         Total | 100.0 | 100.0 |   0.0 |   0.0 |   8.7 |  92.0
       Dungeon | 100.0 | 100.0 |   0.0 |   0.0 |   8.7 |  92.0
               +-------+-------+-------+-------+-------+----------------------

Vault maps used:
D:1:      dpeg_arrival_court, serial_glass, glass_columns_a, glass_columns_a,
          minmay_tromino_v2
